 Dungeon Crawl Stone Soup version 0.28.0-53-g5a82cb258f (webtiles) character file.

Game seed: 6914295987027487240

182 LynnLen the Sneak (level 5, 0/30 HPs)
             Began as a Vampire Enchanter on July 23, 2022.
             Slain by an orc
             ... wielding a +0 whip
              (4 damage)
             ... on level 3 of the Dungeon.
             The game lasted 00:05:06 (2059 turns).

LynnLen the Sneak (Vampire Enchanter)               Turns: 2059, Time: 00:05:06

Health: 0/30       AC:  4    Str:  6 (7)  XL:     5   Next: 34%
Magic:  8/8        EV: 11    Int: 17 (18) God:
Gold:   46         SH:  0    Dex: 14 (16) Spells: 2/8 levels left

rFire   . . .      SeeInvis +   a - +1 dagger
rCold   + + .      Faith    .   (no shield)
rNeg    + + +      Spirit   .   e - +0 leather armour
rPois   ∞          Reflect  .   (no helmet)
rElec   .          Harm     .   (no cloak)
rCorr   .          Rampage  .   (no gloves)
Will    .....                   f - +0 pair of boots
Stlth   +++++.....              (no amulet)
HPRegen 0.00/turn               (no ring)
MPRegen 0.11/turn               (no ring)

@: mighty, bloodless, inhibited regen
A: bloodless, fangs 3, see invisible, vampiric 2
a: Bat Form, Revivify


You were on level 3 of the Dungeon.
You visited 1 branch of the dungeon, and saw 3 of its levels.

You collected 46 gold pieces.

Inventory:

Hand Weapons
 a - a +1 dagger (weapon)
Armour
 e - a +0 leather armour (worn)
 f - a +0 pair of boots (worn)
Potions
 c - a potion of invisibility
 d - 2 potions of mutation
 g - a potion of might


   Skills:
 * Level 1.6 Fighting
 * Level 3.2 Short Blades
 + Level 2.6 Dodging
 + Level 6.6 Stealth
 + Level 2.2 Spellcasting
 + Level 4.7 Hexes


You had 2 spell levels left.
You knew the following spells:

 Your Spells              Type           Power      Damage    Failure   Level
a - Confusing Touch       Hex            18%        N/A       13%         3
b - Dazzling Flash        Conj/Hex       18%        N/A       32%         3

Your spell library contained the following spells:

 Spells                   Type           Power      Damage    Failure   Level
 Ensorcelled Hibernation  Hex/Ice        18%        N/A       17%         2
 Freeze                   Ice            4%         1d3       30%         1
 Tukima's Dance           Hex            18%        N/A       13%         3
 Frozen Ramparts          Ice            2%         1d2       65%         3
 Hailstorm                Conj/Ice       1%         3d3       96%         4


Dungeon Overview and Level Annotations

Branches:
Dungeon (3/15)

Altars:

Portals:
Sewer: D:3


Innate Abilities, Weirdness & Mutations

You do not regenerate when monsters are visible.
You are frail without blood (-20% HP).
You can heal yourself when you bite living creatures.
You are immune to poison.
You have razor-sharp teeth.
You have supernaturally acute eyesight. (SInv)
You are afflicted with vampirism and can become a bat while bloodless.


Message History

The giant cockroach is moderately wounded.
The giant cockroach barely misses you.
You hit the giant cockroach.
The giant cockroach is heavily wounded.
The giant cockroach barely misses you.
You hit the giant cockroach but do no damage.
The giant cockroach is heavily wounded.
The giant cockroach closely misses you.
You hit the giant cockroach.
The giant cockroach is almost dead.
The giant cockroach bites you but does no damage.
You hit the giant cockroach.
You kill the giant cockroach!
You barely miss the giant cockroach. The giant cockroach barely misses you.
The giant cockroach bites you.
* * * LOW HITPOINT WARNING * * *
You closely miss the giant cockroach. The giant cockroach barely misses you.
It was a potion of might.
You feel very mighty all of a sudden. The giant cockroach bites you.
* * * LOW HITPOINT WARNING * * *
It was a potion of degeneration.
There was something very wrong with that liquid.
You feel weakened.
You feel dopey.
You feel clumsy. The giant cockroach closely misses you.
You puncture the giant cockroach!
You kill the giant cockroach!
The adder bites you but does no damage.
You miss the adder. The adder bites you but does no damage.
You closely miss the adder. The adder bites you.
* * * LOW HITPOINT WARNING * * *
You closely miss the adder. The adder closely misses you.
You barely miss the adder. The adder misses you.
You completely miss the adder. The adder bites you but does no damage.
You hit the adder. You bite the adder.
You kill the adder!
You hit the orc.
The orc is severely wounded.
The orc hits you with a +0 whip.
You die...

#.....#≈≈≈≈≈#..#
#...<.#≈≈∩≈≈'..#
.......#.#≈≈≈≈≈#..#
...#####.#######..#
. #...$B..)).#
##)###..#.## #.#
#.#..# #o# #.#.##
#@# #.#.#
#.#.##.#.# #.#
#.#.#.# #.# #..#.#
..# #.# ### ##


You could see an orc.

Vanquished Creatures
  2 orc priests
  An orc wizard (D:2)
  2 adders (D:3)
  An adder skeleton (D:2)
  3 dart slugs (D:1)
  5 orcs
  8 endoplasms
  4 giant cockroaches
  3 goblins (D:1)
  2 hobgoblins
  2 jackals (D:2)
  8 kobolds
  2 quokkas
  9 ball pythons
  7 bats
  5 frilled lizards
  2 rats
66 creatures vanquished.

Notes
Turn   | Place    | Note
-------+----------+-------------------------------------------
     0 | D:1      | LynnLen the Vampire Enchanter began the quest for the Orb.
     0 | D:1      | Reached XP level 1. HP: 13/13 MP: 3/3
    91 | D:1      | Reached XP level 2. HP: 15/15 MP: 5/5
   272 | D:1      | Reached skill level 5 in Stealth
   348 | D:1      | Gained mutation: You are afflicted with vampirism and can
                  | become a bat while bloodless. [Vampire growth]
   348 | D:1      | Reached XP level 3. HP: 20/20 MP: 6/6
   360 | D:1      | Learned a level 3 spell: Confusing Touch
   364 | D:1      | Learned a level 3 spell: Dazzling Flash
   418 | D:1      | Reached skill level 1 in Fighting
  1590 | D:2      | Reached XP level 4. HP: 3/25 MP: 7/7
  1602 | D:2      | Reached skill level 6 in Stealth
  1973 | D:3      | Found a glowing drain.
  1996 | D:3      | Reached XP level 5. HP: 29/29 MP: 4/8
  2059 | D:3      | Slain by an orc

Illustrated notes

Levels and vault maps discovered:
D:1:      ncdulo_lavacross, layout_loops_ring, hex_medium
D:2:      layout_basic, roderic_malta_cross
D:3:      layout_loops_ring, basic_ecumenical_altar, gup_sewer_entry_glass

Skill      XL: |  1  2  3  4 |
---------------+-------------+-----
Stealth        | 5 6 |  6.6
Short Blades   | 2 3 |  3.2
Fighting       | 1 |  1.6
Dodging        | |  2.6
Spellcasting   | |  2.2
Hexes          | |  4.7

Action                   |  1- 3 |  4- 6 || total
-------------------------+-------+-------++-------
Melee: Dagger            |   121 |    70 ||   191
       Bite              |     9 |     4 ||    13
       Punch             |     1 |     2 ||     3
 Cast: Confusing Touch   |       |     2 ||     2
 Abil: Exsanguinate      |     1 |       ||     1
  Use: Scroll            |     1 |     1 ||     2
       Potion            |     1 |     2 ||     3
 Stab: Sleeping          |    28 |       ||    28
       Invisible         |       |     3 ||     3
       Confused          |       |     1 ||     1
Armor: Robe              |    16 |       ||    16
       Leather armour    |     2 |    17 ||    19
Dodge: Dodged            |    67 |    37 ||   104
